| TOP OF THE 1ST |
|
Roswell Invaders batting - Pitching for Oakland Oaks : RHP Eric Hanrahan
|
|
Pitching: RHP Eric Hanrahan
|
|
|
Batting: LHB Jalen Williams
|
0-0: Fly out, F8 (Flyball, 8RM, EV 83.8 MPH)
|
|
Batting: RHB Carlos Gonzalez
|
0-0: Ball 1-0: Foul Ball, location: 2F 1-1: Foul Ball, location: 2F 1-2: Foul Ball, location: 2F 1-2: SINGLE (Groundball, 56, EV 107.5 MPH)
|
|
Batting: LHB Ivan Cortez
|
0-0: Called Strike Carlos Gonzalez is caught stealing 2nd base 2-6 0-1: Foul Ball, location: 2F 0-2: Foul Ball, location: 2F 0-2: Ball 1-2: Foul Ball, location: 2F 1-2: Fly out, F8 (Flyball, 8RM, EV 97.5 MPH)
|
| Top of the 1st over - 0 runs, 1 hit, 0 errors, 0 left on base; Roswell 0 - Oakland 0 |
| BOTTOM OF THE 1ST |
|
Oakland Oaks batting - Pitching for Roswell Invaders : RHP Toshihiro Nagao
|
|
Pitching: RHP Toshihiro Nagao
|
|
|
Batting: LHB Justin LeFlore
|
0-0: Called Strike 0-1: Ball 1-1: Fly out, F9 (Flyball, 9, EV 92.5 MPH)
|
|
Batting: SHB Steve McGee
|
0-0: Called Strike 0-1: Fly out, F8 (Flyball, 8RS, EV 84.4 MPH)
|
|
Batting: RHB Shi-xian Da
|
0-0: Ball 1-0: Called Strike 1-1: Foul Ball, location: 2F 1-2: Ball 2-2: Ball 3-2: Foul Ball, location: 2F 3-2: Ground out 6-3 (Groundball, 6, EV 103.8 MPH)
|
| Bottom of the 1st over - 0 runs, 0 hits, 0 errors, 0 left on base; Roswell 0 - Oakland 0 |
| TOP OF THE 2ND |
|
Roswell Invaders batting - Pitching for Oakland Oaks : RHP Eric Hanrahan
|
|
Batting: LHB Angelo Lira
|
0-0: Foul Ball, location: 2F 0-1: Called Strike 0-2: Ball 1-2: Foul Ball, location: 2F 1-2: Ball 2-2: Strikes out looking
|
|
Batting: LHB Julio Zamora
|
0-0: Called Strike 0-1: Fly out, F8 (Flyball, 78S, EV 100.0 MPH)
|
|
Batting: RHB Jason Hanson
|
0-0: Called Strike 0-1: Swinging Strike 0-2: Ball 1-2: Fly out, F8 (Flyball, 8RD, EV 88.1 MPH)
|
| Top of the 2nd over - 0 runs, 0 hits, 0 errors, 0 left on base; Roswell 0 - Oakland 0 |
| BOTTOM OF THE 2ND |
|
Oakland Oaks batting - Pitching for Roswell Invaders : RHP Toshihiro Nagao
|
|
Batting: SHB Chris King
|
0-0: Called Strike 0-1: Called Strike 0-2: Fly out, F8 (Flyball, 8LD, EV 94.4 MPH)
|
|
Batting: LHB Ben Landry
|
0-0: Called Strike 0-1: Swinging Strike 0-2: Ball 1-2: Strikes out looking
|
|
Batting: LHB Bryan Hodensack
|
0-0: Ball 1-0: Foul Ball, location: 2F 1-1: Ball 2-1: Ball 3-1: Foul Ball, location: 2F 3-2: Foul Ball, location: 2F 3-2: Fly out, F9 (Flyball, 89D, EV 92.5 MPH)
|
| Bottom of the 2nd over - 0 runs, 0 hits, 0 errors, 0 left on base; Roswell 0 - Oakland 0 |
| TOP OF THE 3RD |
|
Roswell Invaders batting - Pitching for Oakland Oaks : RHP Eric Hanrahan
|
|
Batting: LHB Adam Spence
|
0-0: Called Strike 0-1: Ball 1-1: Ball 2-1: Ball 3-1: Foul Ball, location: 2F 3-2: Base on Balls
|
|
Batting: LHB Andrew Moore
|
0-0: Fly out, F7 (Flyball, 7S, EV 78.8 MPH)
|
|
Batting: SHB Sandy Burke
|
0-0: Called Strike 0-1: Ball 1-1: DOUBLE (Line Drive, 7LM, EV 94.4 MPH) Adam Spence to third Runner from 3rd tries for Home, throw by LF and OUT! 7-6-2 Runner from 2nd tries for 3rd, throw by C and OUT! 2-6-5 Double Play!
|
| Top of the 3rd over - 0 runs, 1 hit, 0 errors, 0 left on base; Roswell 0 - Oakland 0 |
| BOTTOM OF THE 3RD |
|
Oakland Oaks batting - Pitching for Roswell Invaders : RHP Toshihiro Nagao
|
|
Batting: RHB Matt Nehman
|
0-0: Ball 1-0: Foul Ball, location: 2F 1-1: Ball 2-1: Ground out 6-3 (Groundball, 6MS, EV 68.8 MPH)
|
|
Batting: RHB Mario Medina
|
0-0: Foul Ball, location: 2F 0-1: Ball 1-1: Called Strike 1-2: Ball 2-2: Ball 3-2: Strikes out looking
|
|
Batting: RHB Ricky Ulloa
|
0-0: Ball 1-0: Called Strike 1-1: Swinging Strike 1-2: Foul Ball, location: 2F 1-2: Strikes out swinging
|
| Bottom of the 3rd over - 0 runs, 0 hits, 0 errors, 0 left on base; Roswell 0 - Oakland 0 |
| TOP OF THE 4TH |
|
Roswell Invaders batting - Pitching for Oakland Oaks : RHP Eric Hanrahan
|
|
Batting: LHB Jalen Williams
|
0-0: Called Strike 0-1: Ball 1-1: Swinging Strike 1-2: Ball 2-2: Ball 3-2: Strikes out swinging
|
|
Batting: RHB Carlos Gonzalez
|
0-0: Ball 1-0: Fly out, F8 (Flyball, 78D, EV 103.8 MPH)
|
|
Batting: LHB Ivan Cortez
|
0-0: Ball 1-0: Ball 2-0: Swinging Strike 2-1: Ground out 4-3 (Groundball, 4, EV 85.6 MPH)
|
| Top of the 4th over - 0 runs, 0 hits, 0 errors, 0 left on base; Roswell 0 - Oakland 0 |
| BOTTOM OF THE 4TH |
|
Oakland Oaks batting - Pitching for Roswell Invaders : RHP Toshihiro Nagao
|
|
Batting: LHB Justin LeFlore
|
0-0: Foul Ball, location: 2F 0-1: Ball 1-1: Ball 2-1: Foul Ball, location: 2F 2-2: Foul Ball, location: 2F 2-2: Ball 3-2: Base on Balls
|
|
Batting: SHB Steve McGee
|
0-0: Ball 1-0: Grounds into double play, 4-6-3 (Groundball, 34, EV 88.8 MPH)
|
|
Batting: RHB Shi-xian Da
|
0-0: Foul Ball, location: 2F 0-1: Swinging Strike 0-2: Strikes out swinging
|
| Bottom of the 4th over - 0 runs, 0 hits, 0 errors, 0 left on base; Roswell 0 - Oakland 0 |
| TOP OF THE 5TH |
|
Roswell Invaders batting - Pitching for Oakland Oaks : RHP Eric Hanrahan
|
|
Batting: LHB Angelo Lira
|
0-0: Ground out 4-3 (Groundball, P, EV 78.1 MPH)
|
|
Batting: LHB Julio Zamora
|
0-0: Swinging Strike 0-1: Foul Ball, location: 2F 0-2: Strikes out looking
|
|
Batting: RHB Jason Hanson
|
0-0: Foul Ball, location: 2F 0-1: Called Strike 0-2: Ball 1-2: Ball 2-2: Strikes out swinging
|
| Top of the 5th over - 0 runs, 0 hits, 0 errors, 0 left on base; Roswell 0 - Oakland 0 |
| BOTTOM OF THE 5TH |
|
Oakland Oaks batting - Pitching for Roswell Invaders : RHP Toshihiro Nagao
|
|
Batting: SHB Chris King
|
0-0: Called Strike 0-1: Fly out, F8 (Flyball, 8RM, EV 86.9 MPH)
|
|
Batting: LHB Ben Landry
|
0-0: Ball 1-0: Ball 2-0: Ball 3-0: Base on Balls
|
|
Batting: LHB Bryan Hodensack
|
0-0: Called Strike 0-1: Foul Ball, location: 2F 0-2: SINGLE (Groundball, 4D, EV 96.9 MPH) Ben Landry to second
|
|
Batting: RHB Matt Nehman
|
0-0: Ball 1-0: Called Strike 1-1: Foul Ball, location: 2F 1-2: Foul Ball, location: 2F 1-2: Grounds into double play, 6-4-3 (Groundball, 56, EV 110.0 MPH)
|
| Bottom of the 5th over - 0 runs, 1 hit, 0 errors, 1 left on base; Roswell 0 - Oakland 0 |
| TOP OF THE 6TH |
|
Roswell Invaders batting - Pitching for Oakland Oaks : RHP Eric Hanrahan
|
|
Batting: LHB Adam Spence
|
0-0: Called Strike 0-1: Swinging Strike 0-2: Ball 1-2: Strikes out swinging, 2-3 out at first.
|
|
Batting: LHB Andrew Moore
|
0-0: Ball 1-0: Foul Ball, location: 2F 1-1: Called Strike 1-2: Ball 2-2: Ball 3-2: Ground out 4-3 (Groundball, 34, EV 86.2 MPH)
|
|
Batting: SHB Sandy Burke
|
0-0: DOUBLE (Line Drive, 89XD, EV 100.6 MPH)
|
|
Batting: LHB Jalen Williams
|
0-0: Ball 1-0: Ball 2-0: Called Strike 2-1: Swinging Strike 2-2: Foul Ball, location: 2F 2-2: Foul Ball, location: 2F 2-2: Foul Ball, location: 2F 2-2: Ball 3-2: Base on Balls
|
|
Batting: RHB Carlos Gonzalez
|
0-0: Fly out, F6 (Popup, 6, EV 51.9 MPH)
|
| Top of the 6th over - 0 runs, 1 hit, 0 errors, 2 left on base; Roswell 0 - Oakland 0 |
| BOTTOM OF THE 6TH |
|
Oakland Oaks batting - Pitching for Roswell Invaders : RHP Toshihiro Nagao
|
|
Batting: RHB Mario Medina
|
0-0: SOLO HOME RUN (Flyball, 7LD, EV 91.9 MPH), Distance : 335 ft
|
|
Batting: RHB Ricky Ulloa
|
0-0: Ground out 6-3 (Groundball, 6, EV 91.2 MPH)
|
|
Batting: LHB Justin LeFlore
|
0-0: Ball 1-0: Ground out 6-3 (Groundball, 6, EV 108.1 MPH)
|
|
Batting: SHB Steve McGee
|
0-0: Called Strike 0-1: Foul Ball, location: 2F 0-2: Strikes out swinging
|
| Bottom of the 6th over - 1 run, 1 hit, 0 errors, 0 left on base; Roswell 0 - Oakland 1 |
| TOP OF THE 7TH |
|
Roswell Invaders batting - Pitching for Oakland Oaks : RHP Eric Hanrahan
|
|
Batting: LHB Ivan Cortez
|
0-0: Ball 1-0: Called Strike 1-1: Foul Ball, location: 2F 1-2: Strikes out looking
|
|
Pinch Hitting: RHB Homer Petropoulos
|
0-0: Called Strike 0-1: Ball 1-1: Ball 2-1: Fly out, F7 (Flyball, 7S, EV 69.4 MPH)
|
|
Pinch Hitting: RHB Drew Sigona
|
0-0: Ground out 6-3 (Groundball, 6, EV 80.0 MPH)
|
| Top of the 7th over - 0 runs, 0 hits, 0 errors, 0 left on base; Roswell 0 - Oakland 1 |
| BOTTOM OF THE 7TH |
|
Oakland Oaks batting - Pitching for Roswell Invaders : RHP Toshihiro Nagao
|
|
Now at SS: Benjie Alejandro
|
|
|
Now in RF: Homer Petropoulos
|
|
|
Batting: RHB Shi-xian Da
|
0-0: Called Strike 0-1: Fly out, F9 (Flyball, 9LMF, EV 105.0 MPH)
|
|
Batting: SHB Chris King
|
0-0: Foul Ball, location: 2F 0-1: Ball 1-1: Ground out 4-3 (Groundball, 4, EV 107.5 MPH)
|
|
Batting: LHB Ben Landry
|
0-0: Ball 1-0: Ball 2-0: Fly out, F8 (Flyball, 78D, EV 93.8 MPH)
|
| Bottom of the 7th over - 0 runs, 0 hits, 0 errors, 0 left on base; Roswell 0 - Oakland 1 |
| TOP OF THE 8TH |
|
Roswell Invaders batting - Pitching for Oakland Oaks : RHP Eric Hanrahan
|
|
Now in LF: Diego Vega
|
|
|
Pinch Hitting: LHB Falco van Koeveringe
|
0-0: Foul Ball, location: 2F 0-1: Swinging Strike 0-2: Strikes out swinging
|
|
Pinch Hitting: RHB Hidemitsu Matsuno
|
0-0: Swinging Strike 0-1: Swinging Strike 0-2: Foul Ball, location: 2F 0-2: Strikes out looking
|
|
Batting: LHB Andrew Moore
|
0-0: Foul Ball, location: 2F 0-1: Ground out 4-3 (Groundball, 34D, EV 87.5 MPH)
|
| Top of the 8th over - 0 runs, 0 hits, 0 errors, 0 left on base; Roswell 0 - Oakland 1 |
| BOTTOM OF THE 8TH |
|
Oakland Oaks batting - Pitching for Roswell Invaders : RHP Toshihiro Nagao
|
|
Now at 1B: Hidemitsu Matsuno
|
|
|
Now in LF: Falco van Koeveringe
|
|
|
Batting: LHB Bryan Hodensack
|
0-0: Ground out 6-3 (Groundball, 6, EV 111.2 MPH)
|
|
Batting: RHB Matt Nehman
|
0-0: Ball 1-0: Foul Ball, location: 2F 1-1: Swinging Strike 1-2: Strikes out swinging
|
|
Batting: RHB Mario Medina
|
0-0: Called Strike 0-1: Fly out, F9 (Flyball, 9D, EV 105.6 MPH)
|
| Bottom of the 8th over - 0 runs, 0 hits, 0 errors, 0 left on base; Roswell 0 - Oakland 1 |
| TOP OF THE 9TH |
|
Roswell Invaders batting - Pitching for Oakland Oaks : RHP Eric Hanrahan
|
|
Pitching: LHP Jason Hahn
|
|
|
Pinch Hitting: RHB Shing Mah
|
0-0: Called Strike 0-1: Swinging Strike 0-2: Ball 1-2: Strikes out swinging
|
|
Batting: LHB Jalen Williams
|
0-0: Called Strike 0-1: Called Strike 0-2: Ball 1-2: Foul Ball, location: 2F 1-2: Ball 2-2: Ball 3-2: Foul Ball, location: 2F 3-2: Foul Ball, location: 2F 3-2: Fly out, F7 (Line Drive, 7, EV 90.0 MPH)
|
|
Pinch Hitting: RHB Ray Bieber
|
0-0: Foul Ball, location: 2F 0-1: Ball 1-1: Ball 2-1: Ball 3-1: Foul Ball, location: 2F 3-2: Foul Ball, location: 2F 3-2: Strikes out swinging
|
| Top of the 9th over - 0 runs, 0 hits, 0 errors, 0 left on base; Roswell 0 - Oakland 1 |
|